 Dungeon Crawl Stone Soup version 0.20.1-1-g8b1a95d (console) character file.

14896 hilaritas the Thaumaturge (level 11, -3/64 HPs)
             Began as a Deep Elf Ice Elementalist on Sept 10, 2017.
             Was an Elder of Sif Muna.
             Slain by a seven-headed hydra (17 damage)
             ... on level 1 of the Lair of Beasts.
             The game lasted 00:56:22 (16405 turns).

hilaritas the Thaumaturge (DEIE)                   Turns: 16405, Time: 00:56:23

Health: -3/64      AC: 19    Str:  7    XL:     11   Next: 94%
Magic:  21/38      EV: 13    Int: 22    God:    Sif Muna [****..]
Gold:   98         SH:  5    Dex: 15    Spells: 20/34 levels left

rFire    . . .     SeeInvis +   y - +4 dagger (venom)
rCold    . . .     Gourm    .   M - +0 buckler
rNeg     . . .     Faith    .   a - +0 robe
rPois    .         Spirit   .   x - +2 hat
rElec    .         Reflect  .   w - +2 cloak
rCorr    .         Harm     .   t - +2 pair of gloves
MR       +....                  m - +0 pair of boots
Stlth    ++........             n - amulet of regeneration
Regen    0.6/turn               j - ring of see invisible
MPRegen  0.3/turn               o - ring of magical power

@: icy armour, hasted, very quick
A: no striking features
a: Divine Energy, Channel Magic, Forget Spell, Renounce Religion


You were on level 1 of the Lair of Beasts.
You worshipped Sif Muna.
Sif Muna was greatly pleased with you.
You were not hungry.

You visited 2 branches of the dungeon, and saw 11 of its levels.

You collected 546 gold pieces.
You spent 448 gold pieces at shops.

Inventory:

Hand Weapons
 y - a +4 dagger of venom (weapon)
 K - a +2 hand axe of flaming
Missiles
 f - 261 stones (quivered)
 k - 194 arrows
Armour
 a - a +0 robe (worn)
 e - a +2 leather armour of cold resistance
 m - a +0 pair of boots (worn)
 t - a +2 pair of gloves (worn)
 w - a +2 cloak (worn)
 x - a +2 hat (worn)
 M - a +0 buckler (worn)
Magical Staves
 q - an uncursed staff of summoning
Jewellery
 j - a ring of see invisible (left hand)
 n - an amulet of regeneration (around neck)
 o - a ring of magical power (right hand)
 p - an uncursed ring of poison resistance
 v - a +3 ring of protection
 H - an uncursed ring of ice
 L - an uncursed ring of protection from fire
Wands
 g - a wand of polymorph (24/24)
 r - a wand of random effects (24/48)
 I - a wand of confusion (2/48)
Scrolls
 d - 2 scrolls of teleportation
 i - 2 scrolls of remove curse
 l - 5 scrolls of identify
 J - a scroll of recharging
Potions
 s - a potion of resistance
 u - 2 potions of flight
 D - a potion of magic
Books
 b - a book of Frost

   Spells                             Type                      Level
   a - Freeze                         Ice                          1
   b - Throw Frost                    Conjuration/Ice              2
   c - Ozocubu's Armour               Charms/Ice                   3
   d - Throw Icicle                   Conjuration/Ice              4
   e - Summon Ice Beast               Ice/Summoning                4
Comestibles
 c - 2 bread rations
 h - 6 meat rations
 z - 11 fruits
 A - 10 royal jellies


   Skills:
 * Level 5.2 Fighting
 - Level 2.4 Dodging
 - Level 2.4 Stealth
 * Level 3.5 Shields
 - Level 12.0 Spellcasting
 + Level 10.5 Conjurations
 - Level 3.1 Charms
 - Level 2.0 Summonings
 - Level 10.0 Ice Magic
 * Level 8.6 Invocations


You had 20 spell levels left.
You knew the following spells:

 Your Spells              Type           Power        Failure   Level  Hunger
a - Freeze                Ice            ####         1%          1    None
b - Throw Frost           Conj/Ice       ######       1%          2    None
c - Ozocubu's Armour      Chrm/Ice       #####...     1%          3    None
d - Throw Icicle          Conj/Ice       ######..     1%          4    None
e - Summon Ice Beast      Ice/Summ       #####...     4%          4    None


Dungeon Overview and Level Annotations

Branches:
Dungeon (10/15)            Temple (0/1) D:4            Lair (1/6) D:8
    Orc (0/2) D:10

Altars:
Ashenzari
Gozag
Kikubaaqudgha
Nemelex Xobeh
Okawaru
Qazlal
Sif Muna
Trog
Uskayaw
Xom
Zin

Shops:
D:2 *   D:6 *   D:9 =


Message History

You block the seven-headed hydra's attack.
The seven-headed hydra bites you but does no damage.
You block the seven-headed hydra's attack.
The seven-headed hydra bites you but does no damage. x2
Your ice beast hits the seven-headed hydra.
Your ice beast freezes the seven-headed hydra!
The seven-headed hydra seems to slow down.
It was a potion of haste.
You feel yourself speed up.
Your ice beast hits the seven-headed hydra.
Your ice beast freezes the seven-headed hydra!
Casting: Throw Frost
Confirm with . or Enter, or press ? or * to list all spells.
Aiming: Throw Frost
Press: ? - help, Shift-Dir - straight line, f/p - seven-headed hydra
Aim: a seven-headed hydra (heavily wounded, slow)
The puff of frost hits the seven-headed hydra.
The seven-headed hydra is heavily wounded.
The seven-headed hydra completely misses you.
The seven-headed hydra bites you!
You die...

##### #####..# #..#
##.## #..###
#....## #....}####
# ##.......P### #
#.........#.# #
#%#.........### #
#D##..#.......### #
#Y@##.##........##
# ####
#..##.....<.......
#..##
##.####..........#.
#...###..#
#...........#
##...##.##
#............
#....#.#
#...........!
#......#
#.........}..
#......#
#............
##.....#
............. ####
##....##
#............Y
#..## #.....#


You could see a seven-headed hydra and a friendly ice beast.

Vanquished Creatures
  Gastronok (Lair:1)
  2 two-headed ogres
  The ghost of wnhky the Carver, a novice MiFi (D:6)
  Joseph (D:8)
  A spiny frog (Lair:1)
  A troll (D:10)
  4 blink frogs (Lair:1)
  3 hippogriffs
  2 dream sheep (D:8)
  Sigmund (D:2)
  9 yaks
  A shadow (D:8)
  A vampire (D:10)
  Eustachio (D:4)
  2 wyverns
  The ghost of hilaritas the Chiller, an amateur DrIE (D:4)
  4 wargs (D:10)
  A hungry ghost (D:9)
  A water moccasin (D:10)
  2 porcupines (Lair:1)
  3 orc warriors
  An eye of draining (D:10)
  2 ice beasts
  2 phantoms
  3 sky beasts
  A black bear (D:9)
  A necrophage (D:5)
  5 ogres
  5 centaurs
  A crocodile (Lair:1)
  5 big kobolds
  8 bullfrogs
  5 scorpions
  3 killer bees (D:8)
  4 howler monkeys
  An electric eel (D:8)
  7 crimson imps
  A quasit (D:8)
  2 bullfrog zombies
  4 hounds
  4 jellies
  4 bullfrog skeletons
  14 orc wizards
  8 orc priests
  5 centaur skeletons
  An iguana (D:9)
  12 worker ants
  2 killer bee zombies
  A hound skeleton (D:10)
  A worker ant zombie (D:10)
  6 gnolls
  6 adders
  A howler monkey skeleton (D:7)
  4 shadow imps
  3 worms
  3 dart slugs
  2 leopard geckos
  63 orcs
  A ball python (D:6)
  7 bats
  7 giant cockroaches
  4 goblins
  5 hobgoblins
  13 jackals
  8 quokkas
  6 frilled lizards
  15 kobolds
  A leopard gecko skeleton (D:7)
  3 rats
314 creatures vanquished.

Vanquished Creatures (collateral kills)
  A hydra (D:8)
  A blink frog (Lair:1)
  3 yaks
  An ice beast (D:6)
  3 orc priests (D:6)
  An orc wizard (D:6)
10 creatures vanquished.

Vanquished Creatures (others)
  3 fungi
  A plant (Lair:1)
4 creatures vanquished.

Grand Total: 328 creatures vanquished

Notes
Turn   | Place    | Note
-------+----------+-------------------------------------------
     0 | D:1      | hilaritas the Deep Elf Ice Elementalist began the quest for the Orb.
     0 | D:1      | Reached XP level 1. HP: 10/10 MP: 6/6
   344 | D:1      | Reached XP level 2. HP: 13/15 MP: 2/8
   350 | D:1      | Learned a level 2 spell: Throw Frost
  1262 | D:2      | Found an iron altar of Okawaru.
  1298 | D:2      | Noticed Sigmund
  1333 | D:2      | Killed Sigmund
  1333 | D:2      | Reached XP level 3. HP: 3/19 MP: 5/9
  1333 | D:2      | Reached XP level 4. HP: 5/24 MP: 5/10
  1333 | D:2      | Reached XP level 5. HP: 5/28 MP: 5/11
  1338 | D:2      | Learned a level 3 spell: Ozocubu's Armour
  1343 | D:2      | Learned a level 4 spell: Throw Icicle
  1738 | D:2      | Found a hide-covered altar of Uskayaw.
  1745 | D:2      | Found a shattered altar of Ashenzari.
  1926 | D:2      | Found a glowing silver altar of Zin.
  1926 | D:2      | Found Zin's Purification Station.
  2101 | D:2      | Found a shimmering altar of Xom.
  2470 | D:3      | Found a bloodstained altar of Trog.
  2653 | D:3      | Reached skill level 4 in Spellcasting
  3228 | D:3      | Reached XP level 6. HP: 30/32 MP: 15/15
  3231 | D:3      | Reached skill level 5 in Spellcasting
  3255 | D:3      | Learned a level 4 spell: Summon Ice Beast
  3403 | D:4      | Noticed hilaritas's ghost (amateur DrIE)
  3430 | D:4      | Killed hilaritas's ghost
  3430 | D:4      | Reached skill level 6 in Spellcasting
  3653 | D:4      | Reached XP level 7. HP: 30/36 MP: 11/18
  3960 | D:4      | Found a deep blue altar of Sif Muna.
  3963 | D:4      | Became a worshipper of Sif Muna the Loreminder
  4254 | D:4      | Found a staircase to the Ecumenical Temple.
  4273 | D:4      | Reached skill level 1 in Invocations
  4278 | D:4      | Noticed Eustachio
  4312 | D:4      | Killed Eustachio
  4392 | D:4      | Reached XP level 8. HP: 41/41 MP: 6/19
  4853 | D:5      | Entered Level 5 of the Dungeon
  4861 | D:5      | Reached skill level 5 in Conjurations
  5262 | D:5      | Reached * piety under Sif Muna
  6466 | D:6      | Found Waowai's Assorted Antiques.
  6497 | D:6      | Bought a scroll labeled OGRACI CIRY for 26 gold pieces
  6497 | D:6      | Bought a scroll labeled OGRACI CIRY for 26 gold pieces
  6497 | D:6      | Bought a silvery potion for 23 gold pieces
  6497 | D:6      | Bought a grey potion for 23 gold pieces
  6512 | D:6      | Reached ** piety under Sif Muna
  6721 | D:6      | Noticed wnhky's ghost (novice MiFi)
  6731 | D:6      | Killed wnhky's ghost
  6731 | D:6      | Reached XP level 9. HP: 16/44 MP: 2/20
  6925 | D:6      | Reached skill level 10 in Ice Magic
  7188 | D:6      | Found a sparkling altar of Nemelex Xobeh.
  8116 | D:7      | Reached *** piety under Sif Muna
  8312 | D:7      | Reached skill level 5 in Invocations
  8482 | D:7      | Found an opulent altar of Gozag.
  8483 | D:7      | Found a sparkling altar of Nemelex Xobeh.
  8509 | D:7      | You fall through a shaft for 2 floors!
  9222 | D:7      | Reached skill level 10 in Conjurations
  9537 | D:7      | Reached XP level 10. HP: 50/50 MP: 22/22
  9643 | D:8      | Reached skill level 7 in Spellcasting
  9781 | D:8      | Reached skill level 1 in Fighting
 10068 | D:8      | Noticed a two-headed ogre
 10088 | D:8      | Reached skill level 8 in Spellcasting
 10229 | D:8      | Killed a two-headed ogre
 10229 | D:8      | Reached **** piety under Sif Muna
 10330 | D:8      | Reached skill level 9 in Spellcasting
 10372 | D:8      | Noticed Joseph
 10387 | D:8      | Killed Joseph
 10417 | D:8      | Reached skill level 10 in Spellcasting
 10572 | D:8      | Reached skill level 1 in Charms
 10651 | D:8      | Noticed a three-headed hydra
 10660 | D:8      | Killed a three-headed hydra
 10756 | D:8      | Reached skill level 1 in Summonings
 11378 | D:8      | Found a staircase to the Lair.
 12077 | D:9      | Reached XP level 11. HP: 59/59 MP: 27/27
 12232 | D:9      | Found Xaos's Jewellery Shoppe.
 12278 | D:9      | Bought an uncursed ring of protection from fire for 350 gold pieces
 12917 | D:9      | Reached skill level 11 in Spellcasting
 13443 | D:9      | Found a stormy altar of Qazlal.
 13535 | D:10     | Entered Level 10 of the Dungeon
 13697 | D:10     | Reached skill level 1 in Shields
 13713 | D:10     | HP: 2/59 [warg (12)]
 13875 | D:10     | Found a staircase to the Orcish Mines.
 13978 | D:10     | Noticed a two-headed ogre
 13985 | D:10     | Killed a two-headed ogre
 14062 | D:10     | Reached skill level 12 in Spellcasting
 14219 | D:10     | Found an ancient bone altar of Kikubaaqudgha.
 15314 | Lair:1   | Entered Level 1 of the Lair of Beasts
 15421 | Lair:1   | Noticed Gastronok
 15439 | Lair:1   | Killed Gastronok
 15896 | Lair:1   | Reached skill level 5 in Fighting
 16393 | Lair:1   | Noticed a seven-headed hydra
 16405 | Lair:1   | Slain by a seven-headed hydra

Skill      XL: |  1  2  3  4  5  6  7  8  9 10 11 |
---------------+----------------------------------+-----
Ice Magic      | 6 7 9 10 | 10.0
Conjurations   | 2 3 4 7 10 | 10.5
Spellcasting   | 4 6 10 12 | 12.0
Invocations    | 2 3 5 7 8 |  8.6
Fighting       | 3 5 |  5.2
Charms         | 3 |  3.1
Summonings     | 1 2 |  2.0
Shields        | 3 |  3.5
Dodging        | |  2.4
Stealth        | |  2.4

Action                   |  1- 3 |  4- 6 |  7- 9 | 10-12 || total
-------------------------+-------+-------+-------+-------++-------
Melee: Dagger            |     2 |    19 |    89 |   149 ||   259
       Unarmed           |    17 |       |       |       ||    17
       Staff             |       |       |     1 |       ||     1
Throw: Stone             |       |       |       |     2 ||     2
 Cast: Freeze            |    27 |    45 |    79 |    43 ||   194
       Throw Frost       |     5 |    53 |   107 |   361 ||   526
       Ozocubu's Armour  |       |     2 |    19 |    31 ||    52
       Throw Icicle      |       |       |    69 |    50 ||   119
       Summon Ice Beast  |       |       |     6 |    20 ||    26
Invok: Channel Magic     |       |       |       |     1 ||     1
  Use: Potion            |     2 |       |     3 |    10 ||    15
       Scroll            |       |       |    13 |     3 ||    16
  Eat: Chunk             |     1 |     8 |    25 |    23 ||    57
       Fruit             |       |       |     2 |     4 ||     6
Armor: Robe              |     5 |    23 |    71 |   173 ||   272
       Skin              |       |       |     3 |    21 ||    24
Dodge: Dodged            |    31 |    37 |   145 |   183 ||   396
Block: Buckler           |       |       |       |    39 ||    39
